 Dungeon Crawl Stone Soup version 0.28.0-53-g5a82cb258f (webtiles) character file.

Game seed: 9188604527082954085

3727 safid the Severer (level 10, -4/81 HPs)
             Began as a Hill Orc Fighter on July 13, 2022.
             Was a Believer of Beogh.
             Slain by a two-headed ogre
             ... wielding a +0 giant spiked club
              (11 damage)
             ... on level 7 of the Dungeon on July 14, 2022.
             The game lasted 00:15:44 (9404 turns).

safid the Severer (Hill Orc Fighter)                Turns: 9404, Time: 00:15:44

Health: -4/81      AC: 11    Str: 24    XL:     10   Next: 14%
Magic:  12/12      EV: 10    Int:  6    God:    Beogh [**....]
Gold:   294        SH:  4    Dex: 10    Spells: 9/9 levels left

rFire   . . .      SeeInvis +   a - +0 war axe
rCold   . . .      Faith    .   c - +0 buckler
rNeg    . . .      Spirit   .   b - +0 scale mail
rPois   +          Reflect  .   r - +2 helmet of the Secret Spines {rElec rPois Int-2}
rElec   +          Harm     .   (no cloak)
rCorr   .          Rampage  .   F - +0 pair of gloves
Will    .....                   (no boots)
Stlth   ..........              (no amulet)
HPRegen 0.23/turn               h - +4 ring of slaying
MPRegen 0.13/turn               y - ring of see invisible

@: mighty, invisible
A: no striking features
a: Renounce Religion, Smiting


You were on level 7 of the Dungeon.
You worshipped Beogh.
Beogh was pleased with you.
You visited 1 branch of the dungeon, and saw 8 of its levels.

You collected 294 gold pieces.

Inventory:

Hand Weapons
 a - a +0 war axe (weapon)
 I - the +3 spear "Xocemeav" {drain, rF+ rN+ Str+4}
   (You found it on level 7 of the Dungeon)

   A truly terrible weapon, it drains the life of any living foe it strikes.
   Str:       It affects your strength (+4).
   rF:        It protects you from fire.
   rN:        It protects you from negative energy.
Armour
 b - a +0 scale mail (worn)
 c - a +0 buckler (worn)
 r - the +2 helmet of the Secret Spines (worn) {rElec rPois Int-2}
   (You took it off Robin on level 3 of the Dungeon)

   Int:       It affects your intelligence (-2).
   rElec:     It insulates you from electricity.
   rPois:     It protects you from poison.
 F - a +0 pair of gloves (worn)
Jewellery
 h - a +4 ring of slaying (left hand)
 k - a ring of willpower
 y - a ring of see invisible (right hand)
 B - a ring of poison resistance
Wands
 z - a wand of polymorph (6)
 A - a wand of iceblast (7)
 G - a wand of flame (14)
 H - a wand of charming (14)
 J - a wand of paralysis (4)
Scrolls
 d - a scroll of silence
 j - a scroll of immolation
 l - a scroll of brand weapon {unknown}
 p - a scroll of fog {unknown}
 q - a scroll of torment {unknown}
 s - 2 scrolls of magic mapping {unknown}
 w - a scroll of enchant armour {unknown}
 x - a scroll of enchant weapon {unknown}
 C - 2 scrolls of summoning {unknown}
 E - a scroll of amnesia {unknown}
Potions
 e - a potion of degeneration {unknown}
 i - 3 potions of curing
 m - a potion of flight {unknown}
 n - 2 potions of brilliance
 o - a potion of cancellation {unknown}
 t - a potion of heal wounds {unknown}
 u - a potion of berserk rage {unknown}
 v - a potion of resistance {unknown}
 D - a potion of might


   Skills:
 + Level 5.1 Fighting
 - Level 16.0 Axes
 + Level 5.0 Armour
 + Level 2.0 Dodging
 - Level 4.0 Shields
 + Level 3.3 Invocations
 + Level 2.4 Evocations


You had 9 spell levels left.
You didn't know any spells.
Your spell library contained the following spells:

 Spells                   Type           Power      Damage    Failure   Level
 Beastly Appendage        Tmut           0%         N/A       83%         1
 Summon Small Mammal      Summ           0%         N/A       83%         1
 Corpse Rot               Necr/Air       0%         N/A       92%         2
 Poisonous Vapours        Pois/Air       0%         N/A       92%         2
 Static Discharge         Conj/Air       0%         N/A       92%         2
 Sublimation of Blood     Necr           0%         N/A       92%         2
 Wereblood                Tmut           0%         N/A       92%         2
 Call Canine Familiar     Summ           0%         N/A       99%         3
 Ozocubu's Armour         Ice            0%         N/A       99%         3
 Spider Form              Tmut/Pois      0%         N/A       99%         3
 Summon Guardian Golem    Hex/Summ       0%         N/A       99%         3
 Dispel Undead            Necr           0%         3d6       100%        4
 Sticky Flame             Conj/Fire      0%         2d3       100%        4
 Metabolic Englaciation   Hex/Ice        0%         N/A       100%        5
 Simulacrum               Ice/Necr       0%         N/A       100%        6
 Summon Hydra             Summ           0%         N/A       100%        7


Dungeon Overview and Level Annotations

Branches:
Dungeon (8/15)             Temple (0/1) D:6
   Lair: D:8-11

Altars:
Cheibriados
Hepliaklqana
Kikubaaqudgha
Okawaru
Qazlal
Sif Muna
Wu Jian
Yredelemnul
Zin

Shops:
D:7 **[

Annotations:
D:3 1 runed translucent door, Crazy Yiuf
D:6 2 transporters, turdburglar's ghost, novice DsGl


Message History

The nine-headed hydra bites you but does no damage.
You block the nine-headed hydra's attack.
The nine-headed hydra bites you!
* * * LOW HITPOINT WARNING * * *
The centaur zombie hits you but does no damage.
The centaur zombie kicks you but does no damage.
As you read the scroll of fear, it crumbles to dust.
You assume a fearsome visage.
The nine-headed hydra looks frightened!
The centaur zombie is unaffected.
The centaur zombie hits you but does no damage.
The centaur zombie kicks you but does no damage.
You slice the centaur zombie!!
You destroy the centaur zombie!
Beogh accepts your kill.
Your Armour skill increases to level 5!
A two-headed ogre is nearby!
You fade into invisibility!
The two-headed ogre shouts in stereo!
You feel very mighty all of a sudden.
The two-headed ogre shouts in stereo!
The two-headed ogre closely misses you. The two-headed ogre misses you.
You slash the two-headed ogre!
The two-headed ogre is moderately wounded.
The two-headed ogre hits you with a +0 giant spiked club!
* * * LOW HITPOINT WARNING * * *
You block the two-headed ogre's attack.
You barely miss the two-headed ogre.
The two-headed ogre is moderately wounded.
You barely miss the two-headed ogre.
The two-headed ogre is moderately wounded.
The two-headed ogre barely misses you.
The two-headed ogre hits you with a +0 giant club!
* * * LOW HITPOINT WARNING * * *
You slash the two-headed ogre!
The two-headed ogre is moderately wounded.
You slice the two-headed ogre!!
The two-headed ogre is severely wounded.
The two-headed ogre hits you but does no damage.
The two-headed ogre hits you with a +0 giant club!
You die...

#.....# #..
#..##.#############.#
#..##................
#..##############.###
#..# #.### #..#########
#.#.# ####..........#
#..#. #......######.#
#.###
#.##...@O.....#######.#.
#.##.###...........###.#
#.##.# #.####.####.# ###
####.##.# #.# #.# #.#
#.......# #.# #.# #)#
#.#####.# #.# #.# #.#
#.# #.# #.####.# #)# #.#
#.# #.##...# #.# #.#
###.# #.##.#.####.#


You could see a two-headed ogre.

Vanquished Creatures
  Pikel (D:6)
  A troll (D:7)
  5 yaks
  2 wyverns
  Eustachio (D:6)
  2 ogres
  An ice beast (D:7)
  A sky beast (D:7)
  A black bear (D:4)
  A phantom (D:7)
  2 lemures (D:6)
  3 bullfrogs
  A gnoll sergeant (D:8)
  3 scorpions
  A wyvern skeleton (D:7)
  A water moccasin skeleton (D:4)
  An electric eel (D:7)
  2 centaur zombies
  A bullfrog zombie (D:5)
  2 hounds
  A jelly (D:4)
  A centaur skeleton (D:6)
  A bullfrog skeleton (D:6)
  4 iguanas
  2 orc wizards
  A killer bee zombie (D:8)
  2 hound skeletons
  A howler monkey zombie (D:7)
  Robin (D:3)
  13 gnolls
  8 adders
  2 ufetubi
  An adder skeleton (D:4)
  3 worms
  3 dart slugs
  19 orcs
  6 ball pythons
  9 endoplasms
  2 giant cockroaches (D:1)
  13 goblins
  7 hobgoblins
  4 jackals (D:2)
  4 kobolds
  2 quokkas
  6 bats
  2 frilled lizards
  9 rats
160 creatures vanquished.

Vanquished Creatures (others)
  2 orc priests (D:4)
  2 adders (D:4)
  3 orcs (D:4)
  A quokka (D:4)
8 creatures vanquished.

Grand Total: 168 creatures vanquished

Notes
Turn   | Place    | Note
-------+----------+-------------------------------------------
     0 | D:1      | safid the Hill Orc Fighter began the quest for the Orb.
     0 | D:1      | Reached XP level 1. HP: 19/19 MP: 1/1
   197 | D:1      | Reached XP level 2. HP: 27/27 MP: 2/2
   199 | D:1      | Reached skill level 3 in Axes
   199 | D:1      | Found a faded altar of an unknown god.
   711 | D:1      | Reached XP level 3. HP: 33/33 MP: 3/3
  1571 | D:3      | Reached XP level 4. HP: 39/40 MP: 4/4
  1620 | D:3      | Found an ornate altar of the Wu Jian Council.
  1791 | D:3      | Reached skill level 4 in Axes
  1808 | D:3      | HP: 2/40 [worm (3)]
  2229 | D:3      | Identified the +2 helmet of the Secret Spines {rElec rPois
                  | Int-2}
  2229 | D:3      | Noticed Robin
  2238 | D:3      | Killed Robin
  2239 | D:3      | Reached skill level 5 in Axes
  2244 | D:3      | Reached XP level 5. HP: 21/46 MP: 5/5
  2462 | D:3      | Found a runed translucent door.
  2463 | D:3      | Noticed Crazy Yiuf
  2785 | D:4      | Reached skill level 6 in Axes
  2801 | D:4      | Became a worshipper of Beogh the Brigand
  2858 | D:4      | Noticed an ogre
  2864 | D:4      | HP: 1/46 [ogre/+0 giant spiked club (25)]
  3200 | D:4      | Noticed a black bear
  3208 | D:4      | Killed a black bear
  3209 | D:4      | Reached skill level 7 in Axes
  3209 | D:4      | Reached XP level 6. HP: 47/52 MP: 6/6
  3675 | D:4      | Reached skill level 8 in Axes
  3998 | D:4      | Found a snail-covered altar of Cheibriados.
  3998 | D:4      | Found a basalt altar of Yredelemnul.
  3998 | D:4      | Found a hazy altar of Hepliaklqana.
  3998 | D:4      | Found an ancient bone altar of Kikubaaqudgha.
  4007 | D:4      | Reached XP level 7. HP: 22/59 MP: 7/7
  4079 | D:4      | Reached skill level 9 in Axes
  4206 | D:4      | Found a glowing silver altar of Zin.
  4206 | D:4      | Found a shimmering blue altar of Sif Muna.
  4237 | D:5      | Entered Level 5 of the Dungeon
  4251 | D:5      | Found an iron altar of Okawaru.
  4257 | D:5      | Found a stormy altar of Qazlal.
  4551 | D:5      | Noticed a yak
  4551 | D:5      | Noticed a yak
  4551 | D:5      | Noticed a yak
  4553 | D:5      | Noticed a yak
  4568 | D:5      | Killed a yak
  4569 | D:5      | Reached skill level 10 in Axes
  4571 | D:5      | Killed a yak
  4572 | D:5      | Reached skill level 11 in Axes
  4572 | D:5      | Reached XP level 8. HP: 27/66 MP: 8/8
  4607 | D:4      | HP: 3/66 [yak (3)]
  4608 | D:4      | Killed a yak
  4913 | D:5      | Killed a yak
  4914 | D:5      | Reached skill level 12 in Axes
  5444 | D:5      | Noticed a yak
  5472 | D:5      | Reached * piety under Beogh
  5481 | D:5      | Killed a yak
  5482 | D:5      | Reached skill level 13 in Axes
  5865 | D:6      | Found the +2 hood of the Assassin {Detection Stab+ Stlth++}
  5923 | D:6      | Noticed Pikel
  5932 | D:6      | Killed Pikel
  5933 | D:6      | Reached skill level 14 in Axes
  5933 | D:6      | Reached XP level 9. HP: 48/71 MP: 9/9
  5950 | D:6      | Noticed Eustachio
  5962 | D:6      | Killed Eustachio
  6165 | D:6      | Reached skill level 15 in Axes
  6283 | D:6      | Found a staircase to the Ecumenical Temple.
  6390 | D:6      | Found a transporter.
  6390 | D:6      | Noticed turdburglar's ghost (novice DsGl)
  6395 | D:6      | Found a transporter.
  6411 | D:6      | Noticed a hornet
  6496 | D:6      | Reached ** piety under Beogh
  7514 | D:7      | Reached skill level 16 in Axes
  7558 | D:7      | Identified the +3 spear "Xocemeav" {drain, rF+ rN+ Str+4}
  7563 | D:7      | Found Siockuvu's Assorted Antiques.
  7564 | D:7      | Found Zujoerph's Assorted Antiques.
  7565 | D:7      | Found Guyffaes's Armour Shoppe.
  7572 | D:7      | Reached skill level 1 in Invocations
  7654 | D:7      | Noticed a troll
  7663 | D:7      | Killed a troll
  7664 | D:7      | Reached skill level 1 in Dodging
  7664 | D:7      | Reached skill level 1 in Evocations
  7889 | D:7      | Noticed a five-headed hydra
  7894 | D:7      | Noticed a two-headed ogre
  8425 | D:7      | Reached XP level 10. HP: 38/80 MP: 11/11
  8875 | D:8      | Reached skill level 5 in Fighting
  9279 | D:8      | Noticed a death yak
  9280 | D:8      | Noticed a death yak
  9370 | D:7      | Reached skill level 5 in Armour
  9404 | D:7      | Slain by a two-headed ogre

Illustrated notes

Levels and vault maps discovered:
D:1:      eino_arrival_cavern_d, layout_loops_cross,
          hellmonk_ecumenical_altar_prayer_group
D:2:      layout_loops_ring
D:3:      layout_loops_cross, nzn_wu_jian_council_hall, uniq_crazy_yiuf_cottage,
          uniq_robin
D:4:      layout_loops_ring, minmay_overflow_temple_hex
D:5:      minmay_chambers_of_fours, layout_loops_corners, jmf_multi_god_temple
D:6:      layout_loops_corners, minmay_temple_entry_sparse_star,
          gammafunk_ghost_hive, uniq_eustachio, uniq_pikel
D:7:      layout_loops_ring, nicolae_wooded_promenade
D:8:      layout_loops_cross, dpeg_lair_monsters, wad_hexagon

Skill      XL: |  1  2  3  4  5  6  7  8  9 10 |
---------------+-------------------------------+-----
Axes           | 3 5 7 8 11 14 16 | 16.0
Fighting       | 4 5 |  5.1
Armour         | 4 5 |  5.0
Shields        | 4 |  4.0
Invocations    | 2 3 |  3.3
Dodging        | 1 2 |  2.0
Evocations     | 1 2 |  2.4

Action                   |  1- 3 |  4- 6 |  7- 9 | 10-12 || total
-------------------------+-------+-------+-------+-------++-------
Melee: War axe           |    85 |   132 |   280 |    48 ||   545
Invok: Convert to Beogh  |       |     1 |       |       ||     1
       Smiting           |       |       |     2 |       ||     2
Evoke: Wand              |       |       |     1 |       ||     1
  Use: Potion            |       |     1 |       |     2 ||     3
       Scroll            |       |       |     5 |     1 ||     6
Armor: Scale mail        |    45 |    78 |    92 |    49 ||   264
Dodge: Dodged            |    27 |    61 |    86 |    25 ||   199
Block: Buckler           |    16 |    31 |    52 |    17 ||   116
